Match 27718667
Unlisted

Match 27718667
End
Kradschützen Motorcycle Team
Panzergrenadier Squad
Selects Armored Support Battlegroup
Panzergrenadier Squad
Panzergrenadier Squad
Construct Light Support Kompanie
2.5-tonne Medical Truck
Fire Support Elements
Pak 38 Anti-tank Gun Team
Selects Veteran Gunners
Flakvierling Half-track
Selects Flammpanzer III Medium Tank Sd.Kfz. 141
Flammpanzer III Medium Tank
Construct Panzerarmee Kommand
Flammpanzer III Medium Tank
Emergency Repair Kits
Selects Command Panzer IV F Medium Tank
Armored Reserves
Veteran Squad Leaders
Selects Salvage Kits
Dat_Boi_G
khoa
Chuy704
edvitao1
imbad24
Billy Rick
Friendly Mouse(Poxie)
my worst self
0
0

Comments sign in to comment!

No comments posted yet!